AoeStats
← DKing

Lombardia

509613201Analyzed
4v4 RM · 5d ago on Sep 27, 2026· 41m 28s· 8 players
Game mode
Random Map
Map size
Large (8 player)
Population
200
Speed
Normal
Resources
Standard
Victory
Conquest
Starting age
Dark Age
Ending age
Imperial Age
RankedLock teamsTeams togetherTeam positionsShared explorationLock speedFull tech treeHidden civsTurbo modeCheats
Victory
Defeat
🇩🇪 Britons · Germany
1354
+13
🇨🇦 Huns · Canada
1342
+14
🇩🇪 Tatars · Germany
1292
+15
🇵🇹 Hindustanis · Portugal
1241
+17
🇻🇳 Vietnamese · Vietnam
1314
-16
🇦🇷 Hindustanis · Argentina
1297
-15
1269
-14
1261
-14
Bob
7:34 Loom
9:59 Feudal Age
10:35 Double-Bit Axe
13:00 Wheelbarrow
12:35 Gold Mining
14:36 Town Watch
15:09 Horse Collar
21:40 Castle Age
19:34 Fletching
19:45 Padded Archer Armor
23:01 Bow Saw
23:33 Gold Shaft Mining
23:52 Heavy Plow
24:26 Bodkin Arrow
24:46 Leather Archer Armor
27:24 Ballistics
28:59 Husbandry
29:10 Bloodlines
31:58 Stone Mining
36:37 Imperial Age
36:21 Silk Armor
37:21 Bracer
38:27 Chemistry
38:55 Ring Archer Armor
39:29 Heavy Cavalry Archer
Coach_E
1:07 Loom
10:00 Feudal Age
11:09 Double-Bit Axe
11:39 Scale Barding Armor
12:23 Forging
12:21 Horse Collar
15:46 Bloodlines
22:33 Castle Age
20:55 Gold Mining
23:21 Husbandry
24:01 Chain Barding Armor
23:55 Heavy Plow
26:06 Bow Saw
29:23 Iron Casting
30:05 Town Watch
35:27 Wheelbarrow
40:02 Imperial Age
39:15 Light Cavalry
the_kiri
4:51 Loom
9:56 Feudal Age
10:45 Double-Bit Axe
17:07 Fletching
18:49 Horse Collar
22:46 Castle Age
23:26 Wheelbarrow
22:43 Gold Mining
22:50 Crossbowman
23:27 Bodkin Arrow
23:44 Bow Saw
29:32 Ballistics
30:11 Padded Archer Armor
35:28 Imperial Age
35:10 Fortified Wall
36:04 Leather Archer Armor
37:17 Bracer
39:32 Chemistry
40:32 Ring Archer Armor
DKing
11:35 Feudal Age
15:26 Castle Age
13:32 Double-Bit Axe
14:00 Horse Collar
19:28 Loom
24:16 Town Watch
25:06 Wheelbarrow
25:28 Bow Saw
26:35 Hand Cart
26:35 Gold Mining
28:11 Heavy Plow
32:14 Imperial Age
30:15 Scale Barding Armor
31:04 Light Cavalry
31:55 Bloodlines
31:46 Husbandry
32:26 Forging
32:38 Chain Barding Armor
33:50 Conscription
33:01 Hussar
35:42 Iron Casting
34:59 Heavy Camel Rider
37:24 Gold Shaft Mining
37:39 Imperial Camel Rider
42:13 Plate Barding Armor
42:54 Blast Furnace
老牌休闲玩家
5:43 Loom
10:25 Feudal Age
11:07 Double-Bit Axe
12:16 Wheelbarrow
14:21 Scale Barding Armor
15:02 Town Watch
15:47 Horse Collar
23:56 Castle Age
22:32 Gold Mining
22:33 Stone Mining
24:53 Hand Cart
24:59 Bow Saw
24:52 Heavy Plow
PistonForjado
9:37 Loom
11:22 Feudal Age
13:10 Double-Bit Axe
16:21 Castle Age
16:38 Scale Barding Armor
16:44 Forging
16:45 Bloodlines
16:35 Gold Mining
17:35 Bow Saw
17:47 Scale Barding Armor
17:55 Horse Collar
24:27 Chain Barding Armor
24:50 Heavy Plow
25:51 Stone Mining
26:10 Light Cavalry
27:56 Forging
28:01 Fletching
32:51 Husbandry
35:29 Iron Casting
38:22 Bodkin Arrow
Chut Pro
2:51 Loom
11:58 Feudal Age
16:21 Castle Age
15:21 Double-Bit Axe
15:22 Horse Collar
17:26 Wheelbarrow
27:09 Gold Mining
27:10 Stone Mining
27:44 Hand Cart
32:06 Imperial Age
29:31 Fletching
30:15 Bodkin Arrow
30:39 Padded Archer Armor
32:46 Bracer
34:57 Leather Archer Armor
37:21 Elite Rattan Archer
39:15 Chemistry
38:36 Ballistics
将军坟前无人问,戏子
0:30 Loom
Connection lost

Rejoining the realm…

Still unreachable

The connection could not be restored.

Session expired

The server has moved on; the page needs a fresh start.